 Dungeon Crawl Stone Soup version 0.26-b1-32-g5d43845318 (webtiles) character file.

Game seed: 17278637731863657185

60 theswoord the Insei (level 3, 0/27 HPs)
             Began as a Demonspawn Transmuter on Jan 12, 2021.
             Succumbed to an adder's poison
             ... on level 2 of the Dungeon.
             The game lasted 00:03:08 (1891 turns).

theswoord the Insei (Demonspawn Transmuter)         Turns: 1891, Time: 00:03:09

Health: 0/27       AC:  5    Str:  8 (11) XL:     3   Next: 80%
Magic:  6/6        EV: 11    Int: 13 (14) God:
Gold:   74         SH:  0    Dex: 10 (13) Spells: 5/6 levels left

rFire    . . .     SeeInvis .     - Unarmed
rCold    . . .     Faith    .   (no shield)
rNeg     . . .     Spirit   .   b - +0 leather armour
rPois    .         Reflect  .   (helmet restricted)
rElec    .         Harm     .   (no cloak)
rCorr    .         Rampage  .   (no gloves)
Will     .....                  (no boots)
Stlth    +.........             (no amulet)
HPRegen  0.09/turn              (no ring)
MPRegen  0.10/turn              (no ring)

@: brilliant, lethally poisoned (0 -> -8)
A: antennae 1, molten scales 1
a: no special abilities


You were on level 2 of the Dungeon.
You visited 1 branch of the dungeon, and saw 2 of its levels.

You collected 74 gold pieces.

Inventory:

Armour
 a - a +0 robe
 b - a +0 leather armour (worn)
 i - a +2 pair of gloves
Scrolls
 c - a scroll of identify {unknown}
 d - a scroll of teleportation {unknown}
 e - a scroll of remove curse {unknown}
 h - a scroll of random uselessness {unknown}
 j - a scroll of magic mapping {unknown}
Potions
 g - 2 potions of brilliance


   Skills:
 + Level 2.2 Fighting
 - Level 1.7 Dodging
 + Level 3.3 Unarmed Combat
 - Level 2.0 Spellcasting
 + Level 2.6 Transmutations


You had 5 spell levels left.
You knew the following spells:

 Your Spells              Type           Power        Failure   Level
a - Beastly Appendage     Tmut           24%          13%         1

Your spell library contained the following spells:

 Spells                   Type           Power        Failure   Level
 Wereblood                Tmut           12%          19%         2
 Spider Form              Tmut/Pois      3%           54%         3
 Ice Form                 Ice/Tmut       7%           91%         4
 Blade Hands              Tmut           6%           98%         5


Dungeon Overview and Level Annotations

Branches:
Dungeon (2/15)

Altars:


Innate Abilities, Weirdness & Mutations

You have a pair of small antennae on your head.
You are partially covered in molten scales. (AC +2)


Message History

The adder bites you but does no damage.
You feel sick.
The giant cockroach bites you but does no damage.
You hit the adder but do no damage.
The adder is moderately wounded.
You feel sick. The adder bites you.
* * * LOW HITPOINT WARNING * * *
You are more poisoned.
The adder poisons you! The adder closely misses you.
You miss the adder.
The adder is moderately wounded.
The adder misses you.
You hit the adder.
The adder is heavily wounded.
* * * LOW HITPOINT WARNING * * *
You feel sick. The adder bites you but does no damage.
Unknown command.
You miss the adder.
The adder is heavily wounded.
You die...

#.# #.# #.# #.#
#.#
#######.#####
#..?........###
#.###)SB.......
##.##.@#..##.###
#.....###.#
#..##..#..#
#........##
#..###..## #..#
#..# ####.##
#..###..##
##.....
#.........
.....#
#######.....#...
.....##


You could see an adder and a giant cockroach.

Vanquished Creatures
  An ooze (D:1)
  3 dart slugs
  A leopard gecko (D:1)
  A ball python (D:1)
  2 bats
  5 giant cockroaches (D:1)
  4 goblins
  6 hobgoblins
  2 jackals (D:1)
  7 kobolds
  6 frilled lizards
  8 rats
46 creatures vanquished.

Vanquished Creatures (others)
  2 plants (D:1)
2 creatures vanquished.

Grand Total: 48 creatures vanquished

Notes
Turn   | Place    | Note
-------+----------+-------------------------------------------
     0 | D:1      | theswoord the Demonspawn Transmuter began the quest for the
                  | Orb.
     0 | D:1      | Reached XP level 1. HP: 15/15 MP: 3/3
   284 | D:1      | Gained mutation: You are partially covered in molten
                  | scales. (AC +2) [demonic ancestry]
   284 | D:1      | Reached XP level 2. HP: 8/21 MP: 5/5
   592 | D:1      | Reached skill level 3 in Unarmed Combat
   860 | D:1      | Lost mutation: You have a pair of horns on your head.
                  | [demonic ancestry]
   860 | D:1      | Lost mutation: You have a pair of small horns on your head.
                  | [demonic ancestry]
   860 | D:1      | Gained mutation: You have a pair of small antennae on your
                  | head. [demonic ancestry]
   860 | D:1      | Reached XP level 3. HP: 26/27 MP: 4/6
  1888 | D:2      | HP: 1/27 [adder (5)]
  1891 | D:2      | Succumbed to an adder's poison

Skill      XL: |  1  2  3 |
---------------+----------+-----
Transmutations | 2 |  2.6
Unarmed Combat | 3 |  3.3
Fighting       | 2 |  2.2
Dodging        | |  1.7
Spellcasting   | |  2.0

Action                   || total
-------------------------++-------
Melee: Unarmed           ||   164
       Kick              ||    18
       Headbutt          ||     4
 Cast: Beastly Appendage ||    28
  Use: Potion            ||     2
       Scroll            ||     1
Armor: Leather armour    ||    66
       Robe              ||     1
Dodge: Dodged            ||    75

Levels and vault maps discovered:
D:1:      psy_arrival_statuary, layout_rooms, serial_forest,
          infiniplex_forest_clump_cross, infiniplex_forest_corner_2,
          infiniplex_forest_clump_C, infiniplex_forest_zigzag_1,
          infiniplex_forest_straight_4, infiniplex_forest_clump_curved,
          infiniplex_forest_end_2, infiniplex_forest_clump_small,
          infiniplex_forest_lined_2, roderic_serpentine_path,
          hangedman_glass_garden
D:2:      layout_loops_ring
